cohdb
Replays
Latest Replays
All Replays
Popular Replays
Top Player Replays
Match Explorer
How It Works
Community
CoH3 Stats
Reddit
Sign in to upload your games and track your stats! →
Sign in with Steam
Match 43199009
Unlisted
Match 43199009
Overview
Messages
Build Orders
End
Kettenkrad Recon Vehicle
Construct Infanterie Kompanie
MG 42 Machine Gun Team
Grenadier Squad
Grenadier Squad
Construct Panzergrenadier Kompanie
Selects Breakthrough Battlegroup
Selects Rapid Production
251 Medium Carrier
Pak 40 Anti-tank Gun Team
251 Medium Carrier
251 Medium Carrier
MG 42 Machine Gun Team
Pak 40 Anti-tank Gun Team
Selects Assault Grenadiers
Selects Breakthrough
Breakthrough
Construct Panzer Kompanie
MG 42 Bunker
Panzer IV Medium Tank
Pioneer Squad
Selects Blitzkrieg
Blitzkrieg
Panzer IV Medium Tank
Zerg6412
simranjitsingh713
̶H̶e̶c̶t̶o̶r̶
Ξ Convenant
Adners
Ж | Davako
0
0
Comments
sign in to comment!
No comments posted yet!